 Dungeon Crawl Stone Soup version 0.27.1-34-g3ba077fa99 (webtiles) character file.

Game seed: 1163172410285352205

19 Delamore the Scratcher (level 2, 0/12 HPs)
             Began as a Felid Transmuter on Jan 21, 2022.
             Slain by a kobold (3 damage)
             ... on level 1 of the Dungeon.
             The game lasted 00:00:38 (364 turns).

Delamore the Scratcher (Felid Transmuter)            Turns: 364, Time: 00:00:39

Health: 0/12       AC:  1    Str:  6    XL:     2   Next: 55%
Magic:  6/6        EV: 17    Int: 14    God:
Gold:   43         SH:  0    Dex: 16    Spells: 4/5 levels left
                                        Lives:  0   Deaths: 0

rFire    . . .     SeeInvis +     - Unarmed
rCold    . . .     Faith    .   (shield unavailable)
rNeg     . . .     Spirit   .   (armour unavailable)
rPois    .         Reflect  .   (helmet unavailable)
rElec    .         Harm     .   (cloak unavailable)
rCorr    .         Rampage  .   (gloves unavailable)
Will     .....                  (boots unavailable)
Stlth    ++........             (no amulet)
HPRegen  0.04/turn              (no ring)
MPRegen  0.10/turn              (no ring)

@: quick
A: very small, claws 1, fangs 3, see invisible, speed 1, shaggy fur 1, stealthy
paws, no weapons or thrown items, no armour, multi-lived
a: no special abilities


You were on level 1 of the Dungeon.
You visited 1 branch of the dungeon, and saw 1 of its levels.

You collected 43 gold pieces.

Inventory:

Scrolls
 b - a scroll of enchant weapon {unknown}
Potions
 c - a potion of curing {unknown}


   Skills:
 - Level 1.0 Fighting
 + Level 3.1 Dodging
 * Level 2.3 Stealth
 + Level 3.2 Unarmed Combat
 - Level 2.0 Spellcasting
 - Level 2.1 Transmutations


You had 4 spell levels left.
You knew the following spells:

 Your Spells              Type           Power      Damage    Failure   Level
a - Beastly Appendage     Tmut           14%        N/A       10%         1

Your spell library contained the following spells:

 Spells                   Type           Power      Damage    Failure   Level
 Wereblood                Tmut           7%         N/A       14%         2
 Spider Form              Tmut/Pois      2%         N/A       41%         3
 Ice Form                 Ice/Tmut       4%         N/A       83%         4


Dungeon Overview and Level Annotations

Branches:
Dungeon (1/15)

Altars:


Innate Abilities, Weirdness & Mutations

You have sharp claws.
You have razor-sharp teeth.
You have supernaturally acute eyesight. (SInv)
You cover ground quickly. (Speed+)
You are covered in fur. (AC +1)
Your paws help you pounce on unaware monsters.
You are incapable of wielding weapons or throwing items.
You cannot wear armour.
You gain extra lives every three experience levels.


Message History

No reachable target in view!
There is an open door here.
Found 2 gold pieces.
You now have 43 gold pieces (gained 2).
Found 6 gold pieces.
No target in view!
Found a ruby potion.
A kobold comes into view.
It is wielding a +2 short sword of protection.
A kobold is nearby!
You open the door.
A quokka comes into view.
Found a stone staircase leading down.
The quokka misses you.
You closely miss the quokka.
The kobold shouts!
The quokka bites you.
A dart slug comes into view.
You closely miss the quokka. The quokka closely misses you.
Press: ? - help, v - describe, . - travel
Here: a kobold, wielding a +2 short sword of protection The floor.
You miss the quokka. The quokka barely misses you.
You barely miss the kobold. You closely miss the kobold.
The kobold closely misses you.
You closely miss the kobold.
The kobold hits you with a +2 short sword of protection.
You scratch the kobold.
The kobold is severely wounded.
The kobold hits you with a +2 short sword of protection.
* * * LOW HITPOINT WARNING * * *
You scratch the kobold but do no damage.
You bite the kobold, but do no damage.
The kobold is severely wounded.
The kobold closely misses you.
You scratch the kobold but do no damage.
The kobold is severely wounded.
The kobold barely misses you.
You scratch the kobold but do no damage.
The kobold is severely wounded.
The kobold hits you with a +2 short sword of protection.
You die...

.................#
# ....#.........##
#.##
..#.######.####
#... . #.######.##
#### .........#
..######.# ≈..
#..#....#.#
≈..##..#....#.#
≈......#....#@#
≈......#....#K#
>......#....#r#
.w.....##'###.#
....!$........#
.....#.###.#.#
..............#
......#.####### ##
....###.# ##..


You could see a quokka and a kobold.

Vanquished Creatures
  3 dart slugs (D:1)
  A bat (D:1)
  An endoplasm (D:1)
  A giant cockroach (D:1)
  A goblin (D:1)
  A hobgoblin (D:1)
  2 kobolds (D:1)
  A quokka (D:1)
11 creatures vanquished.

Notes
Turn   | Place    | Note
-------+----------+-------------------------------------------
     0 | D:1      | Delamore the Felid Transmuter began the quest for the Orb.
     0 | D:1      | Reached XP level 1. HP: 9/9 MP: 4/4
    55 | D:1      | Reached skill level 1 in Stealth
   132 | D:1      | Reached XP level 2. HP: 12/12 MP: 6/6
   310 | D:1      | Found a faded altar of an unknown god.
   310 | D:1      | Noticed a red devil
   364 | D:1      | Slain by a kobold

Illustrated notes

Levels and vault maps discovered:
D:1:      nicolae_arrival_washed_ashore, layout_loops_ring, serial_rivers,
          chequers_serial_rivers_marsh, chequers_serial_rivers_micro_e,
          chequers_serial_rivers_room_a, chequers_serial_rivers_micro_c,
          chequers_serial_rivers_micro_c, chequers_serial_rivers_small_a,
          dreamdust_ecumenical_altar_sealed_demon, serial_bayou_pond_d,
          nrook_mini_vaults, minmay_misc_feat_hallway, minmay_pentomino_p2

Skill      XL: |  1  2 |
---------------+-------+-----
Stealth        | 1 2 |  2.3
Dodging        | 3 |  3.1
Fighting       | |  1.0
Unarmed Combat | |  3.2
Spellcasting   | |  2.0
Transmutations | |  2.1

Action                   || total
-------------------------++-------
Melee: Unarmed           ||    31
       Bite              ||     4
  Use: Scroll            ||     1
 Stab: Sleeping          ||     3
Armor: Skin              ||     1
Dodge: Dodged            ||    19
